 Dungeon Crawl Stone Soup version 0.18-a0-1126-ga2d7f46 (webtiles) character file.

70 M4edhros the Charlatan (level 4, -1/28 HPs)
             Began as an Octopode Artificer on Jan 20, 2016.
             Slain by a kobold
             ... wielding a +1 whip of freezing
              (4 damage)
             ... on level 3 of the Dungeon.
             The game lasted 00:00:51 (837 turns).

M4edhros the Charlatan (Octopode Artificer)          Turns: 837, Time: 00:00:51

Health: -1/28      AC:  1    Str: 10    XL:     4   Next: 22%
Magic:  6/6        EV: 13    Int: 15    God:
Gold:   41         SH:  0    Dex: 12    Spells: 0 memorised, 3 levels left

rFire  . . .     SeeInvis .     a - +0 short sword
rCold  . . .     Gourm    .     (no shield)
rNeg   . . .     Faith    .     (helmet restricted)
rPois  .         Spirit   .     (no amulet)
rElec  .         Dismiss  .     (no ring)
rCorr  .         Reflect  .     (no ring)
SustAt .         Harm     .     (no ring)
MR     .....                    (no ring)
Stlth  +++.......               (no ring)
                                (no ring)
                                (no ring)
                                (no ring)

@: lethally poisoned (-1 -> -11), not resistant to hostile enchantments, fairly
stealthy
A: almost no armour, amphibious, 8 rings, constrict 8, camouflage 1, gelatinous
body 1
a: no special abilities


You were on level 3 of the Dungeon.
You were not hungry.

You visited 1 branch of the dungeon, and saw 3 of its levels.

You collected 41 gold pieces.

Inventory:

Hand Weapons
 a - a +0 short sword (weapon)
Missiles
 h - 71 stones (quivered)
Wands
 b - a wand of flame (11/48)
 c - a wand of enslavement (15/24)
 d - a wand of random effects (14/48)
Scrolls
 e - a scroll of noise {unknown}
 g - 2 scrolls of amnesia {unknown}
 i - a scroll of identify {unknown}
Comestibles
 f - a bread ration
 j - a meat ration


   Skills:
 - Level 1.0 Fighting
 - Level 1.0 Short Blades
 * Level 3.4 Dodging
 * Level 3.4 Stealth
 + Level 3.6 Evocations


You had 3 spell levels left.
You didn't know any spells.

Dungeon Overview and Level Annotations

Branches:
Dungeon (3/15)

Altars:


Innate Abilities, Weirdness & Mutations

You cannot wear most types of armour.
You are amphibious.
You can wear up to eight rings at the same time.
You can use your tentacles to constrict eight enemies at once.
Your skin changes colour to match your surroundings (Stealth).
Your rubbery body absorbs attacks (AC +1).


Message History

Aim: an adder (severely wounded, constricted by you)
The puff of flame misses the kobold.
This wand has 12 charges left.
You constrict the adder. The adder bites you.
You are poisoned.
The adder poisons you!
The kobold hits you with a whip of freezing.
The kobold freezes you.
* * * LOW HITPOINT WARNING * * *
The hobgoblin closely misses you.
Evoke which item? (* to show all) (? for menu, Esc to quit)
Zapping:
b - a wand of flame (12/48)
Press: ? - help, Shift-Dir - straight line, f - adder
Aim: an adder (severely wounded, constricted by you)
The puff of flame misses the kobold.
This wand has 11 charges left.
You constrict the adder.
You feel sick. The adder bites you.
* * * LOW HITPOINT WARNING * * *
You are more poisoned.
The adder poisons you!
The kobold hits you with a whip of freezing.
You die...

##....#............#
#..#.............# #.#
##.#.............#
....
#......)........##..$#
#...........(.......[#
#.#...................
#>#.....#....##%.....#
#.#<..##.......S......
..............@g.#.
..#.###.......K.##
..#.........##..# .
...?....##..#
..#......#...#
#..........#..
.......... ##.
##....##. .!


You could see an adder, a hobgoblin and a kobold.

Vanquished Creatures
  Jessica (D:2)
  2 adders
  5 orcs (D:3)
  A giant cockroach (D:1)
  2 goblins
  2 hobgoblins (D:1)
  A quokka (D:2)
  A ball python (D:3)
  3 bats (D:2)
  A giant newt (D:2)
  5 rats
24 creatures vanquished.

Notes
Turn   | Place    | Note
--------------------------------------------------------------
     0 | D:1      | M4edhros the Octopode Artificer began the quest for the Orb.
     0 | D:1      | Reached XP level 1. HP: 13/13 MP: 3/3
   194 | D:2      | Reached XP level 2. HP: 16/18 MP: 4/4
   251 | D:2      | Noticed Jessica
   258 | D:2      | Killed Jessica
   258 | D:2      | Reached XP level 3. HP: 2/23 MP: 5/5
   264 | D:2      | HP: 1/23 [bat (1)]
   625 | D:3      | Reached XP level 4. HP: 23/28 MP: 6/6
   837 | D:3      | Slain by a kobold

Vault maps used:
D:1:      mrwooster_arrival_statue_3
D:2:      yredelemnul_forgotten_temple_becter, uniq_jessica
D:3:      first_bread

Action                   |  1- 3 |  4- 6 || total
-------------------------+-------+-------++-------
Melee: Short sword       |    37 |    14 ||    51
Evoke: Wand              |     2 |     3 ||     5
 Stab: Sleeping          |     5 |       ||     5
       Paralysed         |     2 |       ||     2
       Distracted        |     1 |       ||     1
